 Dungeon Crawl Stone Soup version 0.16.2-12-gd0ad4c3 (webtiles) character file.

55 hannobal the Slasher (level 3, 0/24 HPs)
             Began as a High Elf Skald on Oct 24, 2015.
             Succumbed to an adder's poison
             ... on level 2 of the Dungeon.
             The game lasted 00:05:25 (1560 turns).

hannobal the Slasher (High Elf Skald)               Turns: 1560, Time: 00:05:25

Health: 0/24       AC:  4    Str: 12    XL:     3   Next: 67%
Magic:  6/8        EV: 16    Int: 16    God:
Gold:   32         SH:  0    Dex: 19    Spells: 3 memorised, 1 level left

rFire  . . .     SeeInvis .     a - +0 scimitar
rCold  . . .     Clarity  .     j - +1 leather armour
rNeg   . . .     SustAb   .     (no shield)
rPois  .         Gourm    .     (no helmet)
rElec  .         Spirit   .     (no cloak)
rCorr  .         Warding  .     (no gloves)
rMut   .         Stasis   .     (no boots)
MR     +....                    (no amulet)
Stlth  ++........               (no ring)
                                i - ring of protection from magic

@: agile, lethally poisoned (0 -> -4), very slightly contaminated, somewhat
resistant to hostile enchantments, unstealthy
A: no striking features
a: no special abilities


You were on level 2 of the Dungeon.
You were not hungry.

You visited 1 branch of the dungeon, and saw 2 of its levels.

You collected 32 gold pieces.

Inventory:

Hand weapons
 a - a +0 scimitar (weapon)
 b - a +0 hunting sling
 g - a +0 dagger
 m - a cursed +0 flail
Missiles
 h - 13 stones (quivered)
Armour
 j - a +1 leather armour (worn)
Jewellery
 i - a ring of protection from magic (left hand)
Magical devices
 f - a wand of enslavement (11)
Scrolls
 e - a scroll of amnesia
Books
 c - a book of Battle

   Spells                             Type                      Level
   a - Infusion                       Charms                       1
   b - Shroud of Golubria             Charms/Translocation         2
   c - Song of Slaying                Charms                       2
   d - Spectral Weapon                Hexes/Charms                 3
   e - Regeneration                   Charms/Necromancy            3
Comestibles
 d - 2 bread rations {@e1}
 k - 3 chunks of flesh {@w0}


   Skills:
 - Level 2.0 Fighting
 + Level 4.2 Long Blades
 + Level 1.2 Slings
 - Level 0.8 Armour
 - Level 1.1 Dodging
 - Level 2.4 Spellcasting
 - Level 3.6 Charms
 + Level 0.4 Translocations


You had one spell level left.
You knew the following spells:

 Your Spells              Type           Power        Failure   Level  Hunger
a - Infusion              Chrm           ##....       8%          1    #......
b - Song of Slaying       Chrm           ##......     12%         2    ###....
c - Shroud of Golubria    Chrm/Tloc      #.........   17%         2    ###....


Dungeon Overview and Level Annotations

Branches:
Dungeon (2/15)

Altars:


Message History

The adder bites you.
* * * LOW HITPOINT WARNING * * *
You barely miss the adder.
The adder is severely wounded.
The adder bites you.
* * * LOW HITPOINT WARNING * * *
The adder misses you.
Read which item? (? for menu, Esc to quit)
Okay, then.
You barely miss the adder.
The adder is severely wounded.
* * * LOW HITPOINT WARNING * * *
You feel sick. The adder closely misses you.
You closely miss the adder.
The adder is severely wounded.
The adder completely misses you. The adder bites you but does no damage.
You hit the adder.
You kill the adder!
Your Slings skill increases to level 1!
You die...

######......####
#......##†..'..#
#.####.##...##.#
#......##.#
###....##.# ###
#......##.# <.#
#.##...##.# #.#
#......##.# .#
#########@# .#
......(†.# .#
######### .# .#
##


There were no monsters in sight!

Vanquished Creatures
  An adder (D:2)
  3 worms (D:2)
  6 bats
  2 giant cockroaches
  4 goblins (D:1)
  A hobgoblin (D:1)
  4 jackals (D:2)
  2 kobolds
  3 rats
26 creatures vanquished.

Vanquished Creatures (others)
  A rat (D:1)
1 creature vanquished.

Grand Total: 27 creatures vanquished

Notes
Turn   | Place    | Note
--------------------------------------------------------------
     0 | D:1      | hannobal, the High Elf Skald, began the quest for the Orb.
     0 | D:1      | Reached XP level 1. HP: 14/14 MP: 4/4
   394 | D:1      | Reached XP level 2. HP: 17/19 MP: 6/6
   401 | D:1      | Learned a level 2 spell: Song of Slaying
   404 | D:1      | Learned a level 2 spell: Shroud of Golubria
  1215 | D:2      | Reached skill level 4 in Long Blades
  1359 | D:2      | Reached XP level 3. HP: 20/24 MP: 8/8
  1557 | D:2      | HP: 1/24 [adder (4)]
  1560 | D:2      | Reached skill level 1 in Slings
  1560 | D:2      | Succumbed to an adder's poison

Action                   || total
-------------------------++-------
Melee: Falchion          ||    43
       Scimitar          ||    38
 Fire: Hunting sling     ||    38
Throw: Stone             ||     1
 Cast: Infusion          ||     3
       Shroud of Golubri ||     4
  Use: Scroll            ||     7
       Potion            ||     5
  Eat: Chunk             ||     2
